 Dungeon Crawl Stone Soup version 0.17.1-2-g5865329 (webtiles) character file.

14 ololoev the Skirmisher (level 2, -4/24 HPs)
             Began as a Demonspawn Fighter on Jan 19, 2016.
             Slain by a worm (9 damage)
             ... on level 2 of the Dungeon.
             The game lasted 00:01:19 (217 turns).

ololoev the Skirmisher (Demonspawn Fighter)          Turns: 217, Time: 00:01:20

Health: -4/24      AC: 10    Str: 16    XL:     2   Next: 27%
Magic:  2/2        EV:  6    Int:  9    God:
Gold:   73         SH:  8    Dex: 14    Spells: 0 memorised, 1 level left

rFire  . . .     SeeInvis .     a - +0 war axe
rCold  . . .     Clarity  .     b - +0 scale mail
rNeg   . . .     SustAt   .     c - +0 shield
rPois  .         Gourm    .     (no helmet)
rElec  .         Spirit   .     i - +1 cloak
rCorr  .         Warding  .     (no gloves)
rMut   .         Stasis   .     g - +0 pair of boots
MR     .....                    (no amulet)
Stlth  +.........               (no ring)
                                (no ring)

@: lethally poisoned (-4 -> -18), not resistant to hostile enchantments, very
unstealthy
A: thin skeletal structure 1
a: no special abilities


Innate Abilities, Weirdness & Mutations

You have a somewhat thin skeletal structure (Dex +2, Stealth).

Inventory:

Hand Weapons
 a - a +0 war axe (weapon)
Armour
 b - a +0 scale mail (worn)
 c - a +0 shield (worn)
 g - a +0 pair of boots (worn)
 i - a +1 cloak (worn)
Scrolls
 f - a scroll of identify {unknown}
 k - a scroll of remove curse {unknown}
 m - a scroll of magic mapping {unknown}
Potions
 d - a potion of might
 j - a potion of degeneration {unknown}
 l - a potion of haste {unknown}
Comestibles
 e - a bread ration
 h - a slice of pizza


   Skills:
 - Level 3.0 Fighting
 * Level 2.4 Axes
 + Level 2.9 Armour
 - Level 2.6 Shields


You had one spell level left.
You didn't know any spells.


You were on level 2 of the Dungeon.
You were not hungry.

You visited 1 branch of the dungeon, and saw 2 of its levels.

You collected 73 gold pieces.

#######.#### #.###
#...# ####''####
##........##
##...).....)#
##............#
##..............#
#.....@w.........
#..$....g.........
#........r........
#.......#..#.....
+.......)##.....
+.......= ....
#.......# ...
#........ ..

Notes
Turn   | Place    | Note
--------------------------------------------------------------
     0 | D:1      | ololoev the Demonspawn Fighter began the quest for the Orb.
     0 | D:1      | Reached XP level 1. HP: 18/18 MP: 1/1
   102 | D:2      | Gained mutation: You have a somewhat thin skeletal structure (Dex +2, Stealth). [demonic ancestry]
   102 | D:2      | Reached XP level 2. HP: 16/24 MP: 2/2
   217 | D:2      | Slain by a worm

Dungeon Overview and Level Annotations

Branches:
Dungeon (2/15)

Altars:


Message History

You block the bat's attack.
You see here a scroll labeled QIREONWEQA.
The bat hits you but does no damage. You block the bat's attack.
You see here a scroll labeled QIREONWEQA.
m - a scroll labeled QIREONWEQA You block the bat's attack.
You slash the bat!
You kill the bat!
You open the large door.
Found a mace, a whip and 10 gold pieces.
There is a large open door here.
A worm comes into view.
You see here a mace.
Found a spear and a cabochon ring.
A goblin comes into view. It is wielding a dagger of venom.
The goblin shouts!
You hit the worm but do no damage. The worm bites you.
You barely miss the worm. You block the worm's attack.
A rat comes into view.
You slash the worm!
The worm is heavily wounded.
The worm bites you!
You are too injured to fight recklessly!
You are too injured to fight recklessly!
You hit the worm.
The worm is severely wounded.
The worm bites you but does no damage.
You barely miss the worm.
The worm is severely wounded.
You closely miss the goblin. The goblin hits you but does no damage.
You are lethally poisoned!
You block the goblin's attack. The worm closely misses you.
You hit the worm but do no damage.
The worm is severely wounded.
You barely miss the goblin.
You feel sick. The goblin hits you but does no damage.
You are more poisoned.
The worm bites you!
You die...

You could see a worm, a goblin and a rat.

Vanquished Creatures
  2 bats (D:2)
  3 hobgoblins
  2 jackals (D:2)
  2 giant geckos
  2 giant newts (D:2)
  A goblin (D:2)
12 creatures vanquished.

Action                   || total
-------------------------++-------
Melee: War axe           ||    39

Vault maps used:
D:1:      dpeg_arrival_rhombus
D:2:      kennysheep_big_flooded_room
